 Dungeon Crawl Stone Soup version 0.27.1-33-g824d729ab1 (webtiles) character file.

Game seed: 7422735621492258333

15 jlumianski the Skirmisher (level 2, -1/20 HPs)
             Began as a Gargoyle Monk on Dec 12, 2021.
             Slain by a worm (6 damage)
             ... on level 2 of the Dungeon.
             The game lasted 00:03:03 (1284 turns).

jlumianski the Skirmisher (Gargoyle Monk)           Turns: 1284, Time: 00:03:03

Health: -1/20      AC:  9    Str: 14    XL:     2   Next: 50%
Magic:  2/2        EV: 11    Int: 10    God:
Gold:   14         SH:  0    Dex: 12    Spells: 1/1 levels left

rFire    . . .     SeeInvis .   a - +0 hand axe
rCold    . . .     Faith    .   (no shield)
rNeg     + . .     Spirit   .   l - +0 ring mail
rPois    ∞         Reflect  .   n - +0 helmet
rElec    +         Harm     .   k - +0 cloak
rCorr    .         Rampage  .   (no gloves)
Will     .....                  (no boots)
Stlth    +.........             (no amulet)
HPRegen  0.06/turn              (no ring)
MPRegen  0.08/turn              (no ring)

@: no status effects
A: sickness immunity, AC +2, negative energy resistance 1, electricity
resistance, torment resistance 1, petrification resistance
a: no special abilities


You were on level 2 of the Dungeon.
You visited 1 branch of the dungeon, and saw 2 of its levels.

You collected 14 gold pieces.

Inventory:

Hand Weapons
 a - a +0 hand axe (weapon)
Missiles
 o - 4 atropa-tipped darts (quivered)
 p - 10 sling bullets
Armour
 b - a +0 robe
 h - a +0 chain mail
 j - a +0 leather armour
 k - a +0 cloak (worn)
 l - a +0 ring mail (worn)
 n - a +0 helmet (worn)
Scrolls
 c - a scroll of teleportation {unknown}
 d - a scroll of magic mapping {unknown}
 f - a scroll of blinking {unknown}
 g - a scroll of immolation {unknown}
 m - a scroll of fog {unknown}
Potions
 i - a potion of attraction


   Skills:
 + Level 3.6 Fighting
 + Level 3.0 Axes
 + Level 0.1 Armour
 + Level 2.5 Dodging
 + Level 2.2 Stealth


You had one spell level left.
You didn't know any spells.
Your spell library contained the following spells:

 Spells                   Type           Power      Damage    Failure   Level
 Dazzling Flash           Conj/Hex       0%         N/A       93%         3
 Iskenderun's Mystic Bla  Conj/Tloc      0%         2d3       100%        4
 Starburst                Conj/Fire      0%         6d3       100%        6


Dungeon Overview and Level Annotations

Branches:
Dungeon (2/15)

Altars:


Innate Abilities, Weirdness & Mutations

You are immune to sickness and miasma.
Your stone body is resilient. (AC +2)
You are immune to poison.
You resist negative energy. (rN+)
You are resistant to electric shocks. (rElec)
You are resistant to unholy torment.
You are immune to petrification.


Message History

Press: ? - help, Q - select action, (/) - cycle Shift-Dir - straight line, f/p - worm
Aim: a worm (lightly wounded, 77% to hit)
You throw a stone.
The stone hits the worm but does no damage.
The worm is lightly wounded.
Throw: 2 stones
Press: ? - help, Q - select action, (/) - cycle Shift-Dir - straight line, f/p - worm
Aim: a worm (77% to hit)
You throw a stone. The stone barely misses the worm.
Throw: stone
Press: ? - help, Q - select action, (/) - cycle Shift-Dir - straight line, f/p - worm
Aim: a worm (77% to hit)
You throw a stone.
The stone hits the worm but does no damage.
You hit the worm.
The worm is moderately wounded.
The worm bites you.
You hit the worm.
The worm is moderately wounded.
You hit the worm but do no damage.
The worm is moderately wounded.
The worm barely misses you.
You hit the worm.
The worm is heavily wounded.
The worm bites you.
You hit the worm.
The worm is severely wounded.
The worm bites you but does no damage.
Okay, then.
The worm bites you but does no damage.
You hit the worm.
The worm is moderately wounded.
You hit the worm.
The worm is heavily wounded.
The worm bites you.
* * * LOW HITPOINT WARNING * * *
You hit the worm.
The worm is heavily wounded.
The worm bites you.
You die...

#.# #...# #.# #.####.#.# #.#
#.#......# # #.#.##.#.# #
#.#.##.#.# # #.#.##.#.# # #
#.#†##.#.# #
#..(###############.#.##.#.#
#
#(((.......w@.....#.##.#.####
#################......#.....
#.#.######### #.#.# # #####
#.#.# # ####...# #.#.# #
.......####.#.# #
####...#......# #
#...<....)..### #


You could see a worm.

Vanquished Creatures
  An adder (D:2)
  A bat (D:1)
  A ball python (D:1)
  4 goblins
7 creatures vanquished.

Notes
Turn   | Place    | Note
-------+----------+-------------------------------------------
     0 | D:1      | jlumianski the Gargoyle Monk began the quest for the Orb.
     0 | D:1      | Reached XP level 1. HP: 14/14 MP: 1/1
   211 | D:1      | Found a faded altar of an unknown god.
  1172 | D:2      | Reached XP level 2. HP: 15/20 MP: 2/2
  1284 | D:2      | Slain by a worm

Illustrated notes

Levels and vault maps discovered:
D:1:      minmay_arrival_checkered_box, layout_loops_corners,
          chequers_ecumenical_altar_simple
D:2:      minmay_spotlight, layout_loops_ring

Skill      XL: |  1 |
---------------+----+-----
Axes           | 3 |  3.0
Fighting       | |  3.6
Armour         | |  0.1
Dodging        | |  2.5
Stealth        | |  2.2

Action                   || total
-------------------------++-------
Melee: Hand axe          ||    39
Throw: Stone             ||     5
  Use: Potion            ||     1
Armor: Ring mail         ||     8
       Robe              ||     4
       Leather armour    ||     3
Dodge: Dodged            ||    17
